Map: Dusk Towers

Players

capac - Winner!

  • Race: Terran Terran
  • League: Gold

ThePlague

  • Race: Zerg Zerg
  • League: Gold

VOD

Have the link to the VOD?

Description

Time

  • Played on: April 25, 2016, 10:53 a.m.
  • Length: 14:43
Show
View Real Time Build Order
Export as new Build Order

capac Terran - Winner!

Build Orders:  

Get SALT Encoding   

  12  0:01  SCV  
  13  0:13  SCV  
  14  0:19  Supply Depot  
  14  0:27  SCV  
  15  0:40  SCV  
  16  0:42  Barracks  
  16  0:55  SCV  
  17  1:11  Barracks, SCV  
  18  1:26  SCV  
  19  1:32  Marine  
  19  1:35  Supply Depot  
  20  1:45  Orbital Command  
  20  2:00  Command Center  
  20  2:06  Refinery  
  20  2:11  SCV  
  21  2:16  Marine x2  
  23  2:23  SCV  
  24  2:42  Refinery  
  24  2:47  SCV  
  25  2:53  Marine  
  25  2:56  Barracks Tech Lab  
  26  2:59  SCV  
  27  3:11  SCV  
  28  3:14  Orbital Command  
  28  3:17  Marine x2  
  30  3:23  SCV  
  30  3:26  Factory  
  31  3:34  Marine  
  31  3:35  SCV  
  31  3:38  Barracks  
  33  3:45  SCV  
  33  3:46  Marine  
  33  3:48  SCV  
  36  3:52  Marine  
  37  3:57  SCV  
  37  3:59  Bunker  
  38  4:03  SCV  
  38  4:04  Marine  
  38  4:07  Refinery  
  38  4:08  Refinery  
  38  4:09  SCV  
  41  4:14  Starport  
  41  4:22  Marine  
  42  4:25  SCV x2  
  42  4:28  Barracks Reactor  
  42  4:30  Barracks Reactor  
  44  4:40  Marine  
  44  4:41  Supply Depot  
  45  4:48  SCV  
  46  4:54  Siege Tank, SCV  
  50  5:06  Barracks  
  50  5:14  Engineering Bay  
  50  5:17  Marine  
  50  5:19  Barracks  
  51  5:23  Command Center  
  51  5:25  SCV  
  51  5:28  SCV  
  53  5:37  Siege Tank, SCV  
  53  5:40  SCV  
  58  5:44  Barracks Tech Lab  
  58  5:46  Marine x3  
  58  5:49  SCV  
  62  5:55  Barracks Reactor  
  62  5:58  Barracks  
  62  6:03  Terran Infantry Weapons Level 1  
  62  6:05  Supply Depot  
  62  6:09  Supply Depot  
  62  6:26  Marine x2  
  62  6:27  Viking x2, SCV x2  
  62  6:31  Siege Tank  
  73  6:34  Supply Depot  
  73  6:37  Supply Depot  
  73  6:39  SCV  
  74  6:41  Missile Turret  
  74  6:43  Missile Turret  
  74  6:54  Marine  
  74  6:55  Marine x4  
  74  6:57  SCV x2  
  81  7:03  Barracks Reactor  
  81  7:05  Stimpack  
  81  7:07  Medivac x2  
  85  7:09  SCV x2  
  87  7:20  Marine  
  87  7:21  Marine x3, SCV  
  92  7:25  Orbital Command  
  92  7:26  SCV  
  93  7:33  SCV  
  93  7:36  Missile Turret  
  94  7:38  SCV  
  94  7:41  Supply Depot  
  95  7:45  SCV  
  95  7:49  Liberator x2  
  95  7:50  SCV  
  97  7:53  Supply Depot  
  97  7:54  Supply Depot  
  97  7:57  SCV  
  98  8:01  Marine x5  
  98  8:02  Marine, SCV  
  105  8:09  SCV  
  112  8:13  SCV  
  112  8:15  SCV  
  114  8:21  SCV  
  114  8:24  Missile Turret  
  114  8:25  SCV  
  117  8:27  SCV  
  117  8:30  Missile Turret  
  117  8:33  Missile Turret  
  117  8:34  Missile Turret  
  117  8:38  SCV x2  
  117  8:40  SCV  
  120  8:42  Marine x4  
  120  8:43  Marine x3  
  120  8:45  Supply Depot, Terran Infantry Armor Level 1  
  120  8:47  Armory  
  127  8:50  SCV  
  128  8:57  Siege Tank  
  128  9:00  Marine, Missile Turret  
  132  9:18  Marine x4  
  132  9:19  Marine x3  
  132  9:20  Combat Shields  
  139  9:31  Supply Depot  
  139  9:33  Supply Depot  
  139  9:35  Supply Depot  
  139  9:36  Marine x2  
  139  9:37  Engineering Bay  
  141  9:47  Refinery  
  141  9:52  Refinery, Marine x3  
  141  9:53  Siege Tank, SCV x2  
  149  10:04  Marine x2  
  149  10:05  Marine  
  152  10:08  Barracks Reactor  
  152  10:15  Marine x2  
  152  10:16  Marine x2  
  156  10:22  Terran Infantry Weapons Level 2, Marine  
  156  10:24  Starport, Terran Ship Weapons Level 1  
  156  10:25  Liberator x2  
  156  10:27  Supply Depot  
  157  10:34  Supply Depot, Marine x5  
  157  10:35  Supply Depot, Marine  
  163  10:43  Siege Tank  
  172  10:50  Marine x3  
  172  10:52  Marine x5  
  172  10:53  Command Center  
  180  10:58  Terran Infantry Armor Level 2  
  180  10:59  Supply Depot  
  180  11:01  Starport Reactor  
  180  11:03  Starport  
  180  11:11  Barracks  
  180  11:16  Barracks  
  180  11:26  Medivac  
  180  11:27  Medivac  
  184  11:34  Marine x2  
  184  11:35  Marine x6  
  184  11:36  Marine  
  193  11:40  Medivac x2  
  193  11:41  Starport Reactor  
  176  12:04  Liberator  
  176  12:05  Liberator x5  
  150  13:02  Missile Turret  
  150  13:07  Liberator x4  
  143  13:24  Medivac  
Show
View Real Time Build Order
Export as new Build Order

ThePlague Zerg 

Build Orders: Hatch First 

Get SALT Encoding   

  12  0:01  Drone  
  13  0:12  Drone  
  14  0:21  Overlord  
  14  0:33  Extractor  
  14  0:35  Extractor, Drone  
  12  0:36  Drone  
  16  0:45  Drone  
  17  0:52  Extractor x2  
  17  0:56  Drone  
  16  0:59  Drone  
  17  1:19  Hatchery  
  16  1:30  Drone  
  16  1:31  Spawning Pool  
  16  1:34  Extractor  
  16  1:39  Drone  
  16  1:41  Drone  
  17  1:47  Drone  
  18  1:59  Drone  
  19  2:03  Extractor, Drone  
  19  2:15  Drone  
  20  2:22  Queen  
  22  2:25  Overlord  
  22  2:34  Metabolic Boost  
  22  2:36  Zergling x4  
  24  2:43  Drone  
  25  2:46  Queen  
  25  2:48  Drone  
  28  2:57  Drone  
  29  3:04  Drone  
  29  3:05  Drone  
  31  3:10  Overlord  
  31  3:15  Lair  
  31  3:18  Drone  
  32  3:23  Drone  
  32  3:26  Drone  
  34  3:33  Drone x3  
  36  3:47  Overlord  
  37  3:55  Zergling x4  
  37  3:56  Zergling x4  
  37  3:57  Overlord  
  40  4:06  Drone x3  
  43  4:10  Drone  
  44  4:17  Overseer  
  44  4:22  Hatchery  
  44  4:23  Drone  
  44  4:24  Drone x2  
  46  4:36  Drone x7  
  53  4:40  Extractor  
  53  4:42  Extractor  
  51  4:49  Overseer  
  51  4:59  Spire  
  50  5:09  Drone  
  50  5:10  Overlord  
  50  5:11  Overlord x2  
  51  5:21  Overlord  
  51  5:22  Overseer  
  51  5:29  Drone x2  
  51  5:31  Drone x3  
  56  5:38  Drone  
  57  5:43  Evolution Chamber  
  57  5:46  Drone x7  
  57  5:47  Drone  
  57  5:48  Queen  
  66  5:54  Overlord  
  66  5:55  Overlord  
  66  6:03  Zergling x4  
  68  6:05  Zergling x2  
  68  6:07  Zergling x2  
  68  6:11  Overseer  
  70  6:17  Zergling x4  
  72  6:24  Zergling x16  
  80  6:31  Zergling x4  
  82  6:36  Zerg Flyer Weapons Level 1  
  82  6:40  Spire  
  81  6:57  Zergling x2  
  81  6:58  Zergling x26  
  95  7:06  Queen  
  97  7:08  Hatchery  
  97  7:14  Overlord x4  
  96  7:16  Drone x2  
  96  7:19  Extractor  
  96  7:21  Extractor, Overseer  
  96  7:37  Zergling x16  
  98  7:38  Zergling x4  
  98  7:39  Overlord  
  98  7:40  Overlord  
  106  7:57  Zerg Flyer Armor Level 1  
  106  8:08  Overlord x2  
  106  8:16  Zergling x18  
  115  8:26  Hatchery  
  114  8:27  Drone  
  114  8:28  Drone x2  
  114  8:29  Drone x3  
  114  8:31  Drone x3  
  123  8:37  Hatchery  
  122  8:55  Zerg Flyer Weapons Level 2  
  122  9:00  Infestation Pit  
  121  9:07  Mutalisk x5  
  121  9:08  Mutalisk x8  
  121  9:09  Mutalisk x6  
  155  9:12  Overlord  
  159  9:52  Hive  
  159  9:55  Mutalisk x4  
  159  9:56  Extractor, Mutalisk x5  
  159  9:58  Overlord  
  159  9:59  Overlord  
  176  10:00  Extractor  
  176  10:03  Drone  
  176  10:04  Drone  
  176  10:11  Drone  
  176  10:12  Drone x2  
  176  10:13  Drone  
  176  10:14  Drone x2  
  181  10:17  Drone  
  181  10:20  Extractor  
  182  10:22  Drone  
  182  10:24  Extractor  
  182  10:28  Zerg Flyer Armor Level 2  
  182  10:34  Drone  
  183  10:38  Mutalisk x4  
  183  10:39  Mutalisk  
  193  10:44  Overseer  
  193  10:45  Overseer  
  193  10:56  Drone  
  193  10:57  Drone  
  195  11:08  Mutalisk x2  
  143  12:01  Mutalisk x3  
  143  12:02  Mutalisk x4  
  152  12:22  Mutalisk  
  152  12:23  Mutalisk x8  
  168  12:43  Mutalisk x7  
  168  12:44  Mutalisk x5  
  184  13:14  Mutalisk x6  
  184  13:15  Mutalisk x2  
  154  13:32  Mutalisk x3  
  154  13:33  Zergling x10  
  154  13:34  Zergling x10  
  170  13:43  Drone  
  170  13:47  Mutalisk x3  
  177  13:52  Hatchery  
  177  13:55  Extractor x2  
  174  14:16  Mutalisk x2  
  174  14:17  Mutalisk x3  
  174  14:19  Zergling x2  
  174  14:20  Zergling x26  
  164  14:34  Extractor  
  164  14:35  Hatchery  
Tags
 
Add a new tag
Caveats
  • Supply blocks, unpowered buildings, or Contaminate may cause inaccurate times.
  • Supply counts are checked every 10 seconds.